Map: Frozen Temple

Players

capac - Winner!

  • Race: Terran Terran
  • League: Gold

urasik

  • Race: Zerg Zerg
  • League: Gold

VOD

Have the link to the VOD?

Description

Time

  • Played on: April 16, 2016, 4:21 p.m.
  • Length: 7:11
Show
View Real Time Build Order
Export as new Build Order

capac Terran - Winner!

Build Orders: Reaper Expand 

Get SALT Encoding   

  12  0:00  SCV  
  13  0:13  SCV  
  14  0:20  Supply Depot  
  14  0:27  SCV  
  15  0:42  SCV  
  16  0:43  Barracks  
  16  0:54  SCV  
  17  0:57  Refinery  
  17  1:06  SCV  
  18  1:35  Orbital Command  
  18  1:40  Command Center  
  18  1:44  Reaper  
  19  1:54  Supply Depot  
  19  2:03  SCV  
  21  2:15  SCV  
  21  2:20  Marine  
  21  2:22  Factory, Barracks  
  22  2:30  SCV  
  22  2:32  Refinery  
  23  2:47  SCV  
  23  2:49  Barracks Reactor  
  24  2:59  Marine  
  24  3:02  SCV  
  24  3:03  Bunker  
  24  3:05  Factory Tech Lab  
  26  3:07  Bunker  
  26  3:14  Marine, SCV  
  26  3:18  Marine  
  29  3:23  Siege Tank  
  29  3:25  SCV  
  33  3:31  Marine  
  33  3:35  Marine  
  31  3:49  Marine  
  32  3:58  SCV x2  
  34  4:03  Marine  
  34  4:07  Marine  
  34  4:09  Siege Tank  
  39  4:15  SCV  
  40  4:21  Marine  
  41  4:34  Starport  
  36  4:53  SCV x2  
  36  4:56  Marine x2  
  40  5:01  Siege Tank  
  40  5:05  SCV x2  
  45  5:20  Supply Depot  
  45  5:22  SCV  
  45  5:25  Orbital Command  
  46  5:41  SCV, Medivac  
  49  5:47  Supply Depot  
  49  5:50  Siege Tank  
  49  5:51  Barracks Tech Lab  
  49  5:52  Barracks Reactor  
  49  5:53  SCV  
  53  6:00  SCV  
  54  6:08  SCV  
  55  6:38  Siege Tank, Medivac  
  60  6:40  Marine x2  
  62  6:55  Supply Depot  
Show
View Real Time Build Order
Export as new Build Order

urasik Zerg 

Build Orders: Pool First, Ravager All-In 

Get SALT Encoding   

  12  0:01  Drone  
  13  0:27  Spawning Pool, Drone  
  13  0:31  Drone  
  14  0:38  Overlord  
  15  0:57  Drone x2  
  15  0:59  Drone  
  15  1:04  Extractor  
  16  1:10  Drone  
  17  1:14  Queen  
  17  1:15  Extractor  
  18  1:25  Drone  
  20  1:32  Drone  
  20  1:41  Roach Warren  
  20  1:43  Drone  
  20  1:53  Drone  
  20  2:04  Overlord  
  20  2:15  Overlord  
  20  2:24  Roach x3  
  20  2:28  Roach  
  28  2:42  Overlord  
  28  2:47  Ravager x3  
  31  2:57  Roach x2  
  35  3:02  Overlord  
  35  3:09  Roach  
  37  3:16  Overlord  
  37  3:20  Ravager  
  38  3:30  Roach  
  37  3:44  Roach x2  
  41  3:55  Roach x2  
  42  4:14  Roach x2  
  42  4:17  Ravager x2  
  48  4:22  Roach  
  42  4:46  Roach x4  
  50  5:02  Zergling x2  
  50  5:03  Drone x3  
  54  5:28  Hatchery  
  54  5:31  Drone  
  54  5:42  Overlord x2  
  54  5:50  Spore Crawler  
  54  5:53  Spore Crawler  
  54  5:55  Ravager  
  54  5:57  Ravager  
  54  6:03  Drone  
  55  6:04  Drone  
  46  6:27  Overlord x2  
  46  6:28  Drone  
  46  6:29  Ravager x3  
  50  6:34  Drone  
  50  6:36  Drone  
  52  6:47  Ravager x2  
  52  6:48  Ravager x2  
  52  6:52  Drone x2  
Tags
 
Add a new tag
Caveats
  • Supply blocks, unpowered buildings, or Contaminate may cause inaccurate times.
  • Supply counts are checked every 10 seconds.